 Dungeon Crawl Stone Soup version 0.20.1-1-g8b1a95d (webtiles) character file.

120 dohliylev the Grave Robber (level 4, 0/30 HPs)
             Began as a Mummy Necromancer on Dec 17, 2017.
             Killed from afar by an orc wizard (10 damage)
             ... with a magic dart
             ... on level 4 of the Dungeon.
             The game lasted 00:09:39 (1310 turns).

dohliylev the Grave Robber (Mummy Necromancer)      Turns: 1310, Time: 00:09:40

Health: 0/30       AC:  2    Str: 11    XL:     4   Next: 75%
Magic:  0/10       EV: 12    Int: 15    God:
Gold:   68         SH:  0    Dex: 12    Spells: 4/12 levels left

rFire    x . .     SeeInvis .   (no weapon)
rCold    + . .     Gourm    .   (no shield)
rNeg     + + +     Faith    .   d - +0 robe (curse)
rPois    ∞         Spirit   .   (no helmet)
rElec    .         Reflect  .   (no cloak)
rCorr    .         Harm     .   (no gloves)
MR       .....                  (no boots)
Stlth    +.........             (no amulet)
Regen    0.1/turn               c - ring of flight
MPRegen  0.2/turn               (no ring)

@: confused
A: no food or potions, fire vulnerability, cold resistance 1, negative energy
resistance 3, torment resistance, unbreathing
a: Evoke Flight


You were on level 4 of the Dungeon.
You were not hungry.

You visited 1 branch of the dungeon, and saw 3 of its levels.

You collected 68 gold pieces.

Inventory:

Armour
 d - a cursed +0 robe (worn)
Jewellery
 c - a ring of flight (left hand)
Scrolls
 a - a scroll of enchant weapon {unknown}
 e - a scroll of fear {unknown}
Books
 b - a book of Necromancy

   Spells                             Type                      Level
   a - Pain                           Necromancy                   1
   b - Animate Skeleton               Necromancy                   1
   c - Vampiric Draining              Necromancy                   3
   d - Regeneration                   Charms/Necromancy            3
   e - Animate Dead                   Necromancy                   4
   f - Control Undead                 Necromancy                   4


   Skills:
 + Level 1.7 Dodging
 - Level 1.5 Stealth
 + Level 4.5 Spellcasting
 + Level 5.2 Necromancy


You had 4 spell levels left.
You knew the following spells:

 Your Spells              Type           Power        Failure   Level  Hunger
a - Pain                  Necr           ###.         1%          1    N/A
b - Animate Dead          Necr           N/A          19%         4    N/A
c - Vampiric Draining     Necr           ###.......   6%          3    N/A

Dungeon Overview and Level Annotations

Branches:
Dungeon (2/15)

Altars:


Innate Abilities, Weirdness & Mutations

You do not eat or drink.
Your flesh is vulnerable to fire.
You are immune to poison.
Your flesh is cold resistant. (rC+)
You are immune to negative energy. (rN+++)
You are immune to unholy pain and torment.
You can survive without breathing.


Message History

Something hits you. Something hits you.
Casting: Vampiric Draining
Confirm with . or Enter, or press ? or * to list all spells.
You call on the dead to rise...
The dead are walking!
Something hits you but does no damage.
You hear some strange, mumbled words.
You are confused.
Are you sure you want to stumble around while confused and next to your orc wizard zombie? [Y]es or [N]o only, please.
Are you sure you want to stumble around while confused and next to your orc wizard zombie? [Y]es or [N]o only, please.
Are you sure you want to stumble around while confused and next to your orc wizard zombie?
Okay, then.
Are you sure you want to stumble around while confused and next to your orc wizard zombie?
Okay, then.
You hear some strange, mumbled words.
A magic dart appears from out of thin air!
The magic dart hits you!
You die...

###### #....# ####
#....# #...# +....#
#... . #....# #..# o#
##+#....# #..# ..#
#.......#+####..##...
#....{..#............
#...@Z..'............
#.......#..###..##...
#......##..# #'##
#......#..!.+..!#
#......#>...#...#
#......#....#....
#......#...##...##
#......#...######
#......+


You could see a friendly orc wizard zombie.

Vanquished Creatures
  An orc wizard (D:4)
  4 gnolls (D:2)
  An ooze (D:2)
  A leopard gecko (D:1)
  4 giant cockroaches (D:1)
  2 goblins (D:1)
  5 hobgoblins
  7 jackals
  2 bats
  4 frilled lizards
  3 kobolds (D:1)
  10 rats
44 creatures vanquished.

Vanquished Creatures (collateral kills)
  A dart slug (D:2)
  A leopard gecko (D:2)
  A hobgoblin (D:2)
  A jackal (D:2)
  A kobold (D:2)
  A rat (D:2)
6 creatures vanquished.

Grand Total: 50 creatures vanquished

Notes
Turn   | Place    | Note
-------+----------+-------------------------------------------
     0 | D:1      | dohliylev the Mummy Necromancer began the quest for the Orb.
     0 | D:1      | Reached XP level 1. HP: 13/13 MP: 4/4
   180 | D:1      | Reached XP level 2. HP: 16/19 MP: 1/5
   662 | D:1      | Reached XP level 3. HP: 18/24 MP: 0/7
   976 | D:2      | Reached skill level 5 in Necromancy
   976 | D:2      | Reached XP level 4. HP: 30/30 MP: 0/10
   983 | D:2      | Learned a level 4 spell: Animate Dead
  1262 | D:2      | You fall through a shaft for 2 floors!
  1295 | D:4      | Learned a level 3 spell: Vampiric Draining
  1310 | D:4      | Killed from afar by an orc wizard

Skill      XL: |  1  2  3 |
---------------+----------+-----
Spellcasting   | 3 4 |  4.5
Necromancy     | 5 |  5.2
Dodging        | |  1.7
Stealth        | |  1.5

Action                   |  1- 3 |  4- 6 || total
-------------------------+-------+-------++-------
Melee: Unarmed           |       |     2 ||     2
 Cast: Pain              |    69 |    18 ||    87
       Animate Dead      |       |     4 ||     4
       Vampiric Draining |       |     2 ||     2
Armor: Robe              |     4 |     1 ||     5
Dodge: Dodged            |    19 |     5 ||    24
